 Dungeon Crawl Stone Soup version 0.28.0-53-g5a82cb258f (webtiles) character file.

Game seed: 3529104218809792320

3089 DemonSlayer the Thaumaturge (level 9, -1/60 HPs)
             Began as a Demonspawn Fire Elementalist on Aug 16, 2022.
             Was a Believer of Cheibriados.
             Slain by a steam dragon (3 damage)
             ... on level 7 of the Dungeon.
             The game lasted 00:21:24 (11795 turns).

DemonSlayer the Thaumaturge (DsFE)                 Turns: 11795, Time: 00:21:25

Health: -1/60      AC:  3    Str: 12    XL:     9   Next: 59%
Magic:  0/21       EV: 16    Int: 25    God:    Cheibriados [**....]
Gold:   427        SH:  5    Dex: 18    Spells: 3/24 levels left

rFire   . . .      SeeInvis .   p - +0 dire flail (venom)
rCold   + . .      Faith    .   (shield currently unavailable)
rNeg    . . .      Spirit   +   a - +0 robe
rPois   .          Reflect  +   e - +0 helmet
rElec   .          Harm     .   i - scarf {shadows}
rCorr   +          Rampage  .   (no gloves)
Will    .....                   (no boots)
Stlth   +++.......              k - amulet of reflection
HPRegen 0.20/turn               g - ring of protection from cold
MPRegen 0.34/turn               m - ring of resist corrosion

@: very slow
A: claws 1, repulsion field 2, magic shield, magic regeneration
a: Renounce Religion, Bend Time


You were on level 7 of the Dungeon.
You worshipped Cheibriados.
Cheibriados was pleased with you.
You visited 2 branches of the dungeon, and saw 8 of its levels.
You also visited: Bailey.

You collected 427 gold pieces.

Inventory:

Hand Weapons
 p - a +0 dire flail of venom (weapon)
Armour
 a - a +0 robe (worn)
 e - a +0 helmet (worn)
 i - a scarf of shadows (worn)
Jewellery
 g - a ring of protection from cold (left claw)
 k - an amulet of reflection (around neck)
 m - a ring of resist corrosion (right claw)
Wands
 d - a wand of digging (7)
 h - a wand of polymorph (2)
 n - a wand of flame (18)
Scrolls
 c - a scroll of silence
 o - a scroll of teleportation
 q - a scroll of immolation
Potions
 b - a potion of cancellation {unknown}
 f - a potion of berserk rage
 j - a potion of flight
 l - 2 potions of magic {unknown}
 r - a potion of invisibility {unknown}
 s - a potion of resistance {unknown}
 t - 5 potions of heal wounds
 u - a potion of might {unknown}


   Skills:
 + Level 1.6 Fighting
 + Level 1.9 Short Blades
 + Level 2.1 Maces & Flails
 + Level 0.2 Throwing
 + Level 3.0 Dodging
 + Level 3.4 Stealth
 + Level 0.3 Shields
 + Level 8.0 Spellcasting
 + Level 3.1 Conjurations
 + Level 7.3 Fire Magic
 + Level 1.5 Air Magic
 + Level 0.4 Poison Magic
 + Level 1.7 Evocations


You had 3 spell levels left.
You knew the following spells:

 Your Spells              Type           Power      Damage    Failure   Level
a - Foxfire               Conj/Fire      100%       2x1d9     1%          1
b - Scorch                Fire           92%        2d10      1%          2
c - Conjure Flame         Conj/Fire      36%        6-21      1%          3
d - Ensorcelled Hibernat  Hex/Ice        20%        N/A       9%          2
e - Blink                 Tloc           20%        N/A       9%          2
f - Flame Wave            Conj/Fire      36%        2d9       7%          4
g - Mephitic Cloud        Conj/Pois/Air  18%        N/A       9%          3
h - Anguish               Hex/Necr       5%         N/A       52%         4

Your spell library contained the following spells:

 Spells                   Type           Power      Damage    Failure   Level
 Magic Dart               Conj           100%       1d8       1%          1
 Inner Flame              Hex/Fire       28%        N/A       4%          3
 Call Imp                 Summ           10%        N/A       9%          2
 Spider Form              Tmut/Pois      11%        N/A       17%         3
 Lesser Beckoning         Tloc           10%        N/A       19%         3
 Manifold Assault         Tloc           10%        N/A       86%         5


Dungeon Overview and Level Annotations

Branches:
Dungeon (7/15)             Temple (1/1) D:6          Bailey (visited)

Altars:
Cheibriados
Dithmenos
Elyvilon
Gozag
Kikubaaqudgha
Makhleb
Okawaru
Wu Jian

Annotations:
D:6 3 runed translucent doors, COBRA's ghost, weakling DsFi


Innate Abilities, Weirdness & Mutations

You have sharp fingernails.
You are surrounded by a moderate repulsion field. (EV +3)
When hurt, damage is shared between your health and your magic reserves.
You regenerate magic rapidly.


Message History

A steam dragon comes into view.
Flames lash the ice beast.
The ice beast melts!
You kill the ice beast!
Cheibriados appreciates the change of pace.
The orc barely misses you.
Your Spellcasting skill increases to level 8!
Flames lash the steam dragon but do no damage.
The steam dragon breathes steam at you. The ball of steam hits you!
The orc closely misses you.
Flames lash the orc.
You kill the orc!
Cheibriados appreciates the change of pace.
You are engulfed in a cloud of scalding steam.
Flames lash the steam dragon.
The steam dragon is moderately wounded.
The steam dragon's fire resistance burns away.
You are engulfed in a cloud of scalding steam.
Flames lash the steam dragon.
The steam dragon is burned terribly!
The steam dragon is heavily wounded.
You are engulfed in a cloud of scalding steam.
The steam dragon barely misses you. You block the steam dragon's attack.
You are too depleted to draw on your mana recklessly!
You are too depleted to draw on your mana recklessly!
You are too depleted to draw on your mana recklessly!
You are too depleted to draw on your mana recklessly!
You are too depleted to draw on your mana recklessly!
You closely miss the steam dragon.
The steam dragon is heavily wounded.
The steam dragon barely misses you. The steam dragon claws you.
You barely miss the steam dragon.
The steam dragon is heavily wounded.
The steam dragon breathes steam at you. The ball of steam hits you!
* * * LOW HITPOINT WARNING * * *
You closely miss the steam dragon.
The steam dragon is heavily wounded.
You are engulfed in a cloud of scalding steam.
* * * LOW HITPOINT WARNING * * *
The steam dragon barely misses you. The steam dragon claws you.
You die...

#######...#.#########...####.....
.##'.......................'...[.
.######....#.########...####.....
.# ##.#...# #..## ##.... ######
#.##### #### ##... .#...# #.#
##.# ##.. ...<.# #.# ###)..## ##'
.#...# #.# ###§§....# #######.
.#######.# #.§@..# #.....#.
)........# ###)D### #.....#.
...⌠.....####.'...# #.......
........###...##..# ##......
.########......#..... #......
.#...# ##..#..##...# ##.###.
...>.# #......#.### #..##. .#...#
##...##### #####. ###### #.#'#.#
#.


You could see a steam dragon (catching breath, combustible).

Vanquished Creatures
  An orc knight (Bailey)
  Sigmund (D:6)
  A water moccasin (D:6)
  Edmund (D:5)
  A sky beast (D:3)
  3 ice beasts (D:7)
  2 centaurs
  3 ogres
  A phantom (D:6)
  A kobold brigand (D:6)
  A bullfrog (D:6)
  A wyvern zombie (D:7)
  A wyvern skeleton (D:6)
  A water moccasin skeleton (D:5)
  An electric eel (D:6)
  A bullfrog zombie (D:5)
  A bullfrog skeleton (D:5)
  2 hounds (D:4)
  3 jellies
  3 orc priests
  3 gnoll shamans
  3 iguanas
  4 orc wizards
  Natasha (thrice) (D:2)
  A howler monkey zombie (D:5)
  30 gnolls
  5 adders
  2 ufetubi
  An adder skeleton (D:4)
  2 dart slugs
  21 orcs
  6 ball pythons
  6 endoplasms
  6 giant cockroaches
  5 goblins
  3 hobgoblins
  6 jackals
  14 kobolds
  A quokka (D:3)
  3 bats
  3 frilled lizards
  5 rats
163 creatures vanquished.

Vanquished Creatures (others)
  245 foxfires
245 creatures vanquished.

Grand Total: 408 creatures vanquished

Notes
Turn   | Place    | Note
-------+----------+-------------------------------------------
     0 | D:1      | DemonSlayer the Demonspawn Fire Elementalist began the
                  | quest for the Orb.
     0 | D:1      | Reached XP level 1. HP: 13/13 MP: 3/3
   312 | D:1      | Found a faded altar of an unknown god.
   455 | D:1      | Gained mutation: You have sharp fingernails. [demonic
                  | ancestry]
   455 | D:1      | Reached XP level 2. HP: 4/19 MP: 3/5
  1162 | D:1      | Learned a level 2 spell: Scorch
  1888 | D:1      | Reached XP level 3. HP: 25/25 MP: 3/6
  2228 | D:1      | Learned a level 3 spell: Conjure Flame
  2843 | D:2      | Noticed Natasha
  2847 | D:2      | Killed Natasha
  2848 | D:2      | Gained mutation: You are surrounded by a mild repulsion
                  | field. (EV +2) [demonic ancestry]
  2848 | D:2      | Reached XP level 4. HP: 31/31 MP: 2/7
  2851 | D:2      | Learned a level 2 spell: Ensorcelled Hibernation
  2860 | D:2      | Noticed Natasha
  2872 | D:2      | Killed Natasha
  2873 | D:2      | Reached skill level 1 in Fighting
  3027 | D:2      | Reached skill level 1 in Short Blades
  3220 | D:2      | Noticed Natasha
  3227 | D:2      | Killed Natasha
  3818 | D:3      | Noticed an orc warrior
  4260 | D:3      | Reached skill level 3 in Spellcasting
  4260 | D:3      | Gained mutation: You regenerate magic rapidly. [demonic
                  | ancestry]
  4260 | D:3      | Reached XP level 5. HP: 32/37 MP: 6/9
  4595 | D:3      | Noticed a sky beast
  4595 | D:3      | an orc warrior changed into a sky beast
  4793 | D:4      | Noticed an ogre
  4798 | D:4      | Killed an ogre
  4799 | D:4      | Reached skill level 4 in Spellcasting
  4799 | D:4      | Gained mutation: You are surrounded by a moderate repulsion
                  | field. (EV +3) [demonic ancestry]
  4799 | D:4      | Reached XP level 6. HP: 43/43 MP: 4/12
  4971 | D:3      | HP: 1/43 [sky beast (5)]
  5578 | D:3      | Killed a sky beast
  5669 | D:3      | Learned a level 2 spell: Blink
  5674 | D:3      | Learned a level 4 spell: Flame Wave
  6501 | D:4      | Gained mutation: When hurt, damage is shared between your
                  | health and your magic reserves. [demonic ancestry]
  6501 | D:4      | Reached XP level 7. HP: 48/48 MP: 10/14
  6596 | D:4      | Reached skill level 5 in Spellcasting
  6942 | D:5      | Entered Level 5 of the Dungeon
  7564 | D:5      | Noticed Edmund
  7574 | D:5      | Killed Edmund
  7575 | D:5      | Reached skill level 5 in Fire Magic
  7965 | D:5      | Reached XP level 8. HP: 54/54 MP: 6/16
  8261 | D:5      | Learned a level 3 spell: Mephitic Cloud
  8563 | D:6      | Found a staircase to the Ecumenical Temple.
  8573 | Temple   | Entered the Ecumenical Temple
  8819 | Temple   | Became a worshipper of Cheibriados the Contemplative
  8855 | D:6      | Reached skill level 1 in Maces & Flails
  8918 | D:6      | Reached skill level 6 in Spellcasting
  9159 | D:6      | Found a runed translucent gate.
  9160 | D:6      | Found a runed translucent gate.
  9180 | D:6      | Noticed COBRA's ghost (weakling DsFi)
  9259 | D:6      | Noticed Sigmund
  9264 | D:6      | Killed Sigmund
  9373 | D:6      | Found a runed translucent gate.
  9616 | D:6      | Reached skill level 7 in Spellcasting
  9639 | D:6      | Noticed a seven-headed hydra
  9740 | D:7      | Reached XP level 9. HP: 59/59 MP: 14/19
  9972 | D:7      | Reached * piety under Cheibriados
 10010 | D:7      | Found a flagged portal.
 10019 | Bailey   | Entered a bailey
 10827 | Bailey   | Noticed an orc knight
 11015 | Bailey   | Killed an orc knight
 11016 | Bailey   | Reached skill level 1 in Evocations
 11174 | Bailey   | Learned a level 4 spell: Anguish
 11584 | D:7      | Reached ** piety under Cheibriados
 11587 | D:7      | Reached skill level 1 in Air Magic
 11789 | D:7      | Reached skill level 8 in Spellcasting
 11795 | D:7      | HP: 2/60 [steam dragon] (14)]
 11795 | D:7      | Slain by a steam dragon

Illustrated notes

Levels and vault maps discovered:
D:1:      wheals_arrival_shading, layout_basic, serial_glass, glass_columns_a,
          glass_columns_b, due_unseen_surprise, feat_on_display,
          nicolae_ecumenical_lake_church, grunt_decor_arrowhead,
          kennysheep_flooded_box, chequers_serial_rivers_micro_a
D:2:      layout_basic, uniq_natasha
D:3:      layout_loops_ring, minmay_cut_off
D:4:      layout_gridville
D:5:      layout_loops_ring, nicolae_concentric_dashed_squares_wild, uniq_edmund
D:6:      minmay_chambers_of_fours, layout_basic,
          minmay_temple_entry_stoned_glass, gammafunk_ghost_icy,
          enter_ossuary_3, chequers_serial_rivers_micro_b,
          minmay_strange_pillars, minmay_misc_feat_cross, fountainhead,
          grunt_ministairs_9, uniq_sigmund
D:7:      minmay_slanted_spiral_squares, layout_loops_corners, serial_shops,
          nicolae_shop_trees, enter_bailey_2, nicolae_elevator_lobby_plus
Temple:   regret_index_temple_sphere_string

Skill      XL: |  1  2  3  4  5  6  7  8  9 |
---------------+----------------------------+-----
Fire Magic     | 3 4 5 6 7 |  7.3
Dodging        | 2 3 |  3.0
Stealth        | 2 3 |  3.4
Fighting       | 1 |  1.6
Short Blades   | 1 |  1.9
Spellcasting   | 3 4 5 7 8 |  8.0
Conjurations   | 2 3 |  3.1
Maces & Flails | 1 2 |  2.1
Evocations     | 1 |  1.7
Air Magic      | 1 |  1.5
Throwing       | |  0.2
Shields        | |  0.3
Poison Magic   | |  0.4

Action                   |  1- 3 |  4- 6 |  7- 9 || total
-------------------------+-------+-------+-------++-------
Melee: Short sword       |    77 |    21 |    20 ||   118
       Dire flail        |       |       |    34 ||    34
Throw: Throwing net      |       |       |     1 ||     1
 Cast: Foxfire           |    70 |    49 |    28 ||   147
       Scorch            |       |    49 |   135 ||   184
       Mephitic Cloud    |       |       |     5 ||     5
       Flame Wave        |       |       |     2 ||     2
       Ensorcelled Hiber |       |       |     1 ||     1
Evoke: Wand              |       |     1 |    11 ||    12
  Use: Potion            |     1 |     4 |     2 ||     7
       Scroll            |       |     2 |     7 ||     9
 Stab: Sleeping          |     1 |       |     1 ||     2
       Confused          |       |       |     1 ||     1
Armor: Robe              |    18 |     5 |    12 ||    35
Dodge: Dodged            |    68 |    30 |   115 ||   213
Block: Other             |       |     4 |    32 ||    36
       Reflection        |       |       |     2 ||     2
